 Dungeon Crawl Stone Soup version 0.19-a0-459-gb8ed64d (webtiles) character file.

157 eoe the Grave Robber (level 5, -2/41 HPs)
             Began as a Mummy Necromancer on June 2, 2016.
             Killed from afar by an orc wizard (4 damage)
             ... with a magic dart
             ... on level 4 of the Dungeon.
             The game lasted 00:27:49 (3379 turns).

eoe the Grave Robber (Mummy Necromancer)            Turns: 3379, Time: 00:27:50

Health: -2/41      AC:  3    Str: 11    XL:     5   Next: 15%
Magic:  1/8        EV: 12    Int: 16    God:
Gold:   224        SH:  0    Dex: 12    Spells: 3 memorised, 3 levels left

rFire  x . .     SeeInvis +     h - +2 dagger (venom)
rCold  + . .     Gourm    .     a - +0 robe
rNeg   + + +     Faith    .     (no shield)
rPois  ∞         Spirit   .     (no helmet)
rElec  .         Dismiss  .     c - +0 cloak
rCorr  .         Reflect  .     (no gloves)
SustAt .         Harm     .     (no boots)
MR     .....                    (no amulet)
Stlth  ++........               (no ring)
                                i - ring of see invisible

@: not resistant to hostile enchantments, unstealthy
A: no food or potions, fire vulnerability, cold resistance 1, negative energy
resistance 3, torment resistance, unbreathing
a: no special abilities


You were on level 4 of the Dungeon.
You were not hungry.

You visited 1 branch of the dungeon, and saw 4 of its levels.

You collected 224 gold pieces.

Inventory:

Hand Weapons
 h - a +2 dagger of venom (weapon)
Armour
 a - a +0 robe (worn)
 c - a +0 cloak (worn)
Jewellery
 i - a ring of see invisible (left hand)
Wands
 l - a wand of confusion (23/48)
Scrolls
 d - 2 scrolls of fog {unknown}
 e - 2 scrolls of random uselessness {unknown}
 f - 3 scrolls of remove curse
 g - a scroll of identify
 j - a scroll of amnesia {unknown}
 k - 3 scrolls of enchant weapon {unknown}
Books
 b - a book of Necromancy

   Spells                             Type                      Level
   a - Pain                           Necromancy                   1
   b - Animate Skeleton               Necromancy                   1
   c - Vampiric Draining              Necromancy                   3
   d - Regeneration                   Charms/Necromancy            3
   e - Animate Dead                   Necromancy                   4
   f - Control Undead                 Necromancy                   4


   Skills:
 + Level 3.0 Fighting
 - Level 1.5 Dodging
 - Level 1.5 Stealth
 - Level 2.0 Spellcasting
 + Level 5.5 Necromancy


You had 3 spell levels left.
You knew the following spells:

 Your Spells              Type           Power        Failure   Level  Hunger
a - Pain                  Necr           ###.         1%          1    N/A
b - Animate Skeleton      Necr           N/A          1%          1    N/A
c - Vampiric Draining     Necr           ###.......   8%          3    N/A

Dungeon Overview and Level Annotations

Branches:
Dungeon (4/15)
 Temple: D:4-7

Altars:
Hepliaklqana
Uskayaw
Yredelemnul


Innate Abilities, Weirdness & Mutations

You do not eat or drink.
Your flesh is vulnerable to fire.
You are immune to poison.
Your flesh is cold resistant. (rC+)
You are immune to negative energy. (rN+++)
You are immune to unholy pain and torment.
You can survive without breathing.


Message History

You hit the orc wizard but do no damage.
The orc wizard closely misses you.
You miss the orc wizard. The orc wizard hits you with a dagger.
You hit the orc wizard.
The orc wizard is poisoned.
The orc wizard is lightly wounded.
The orc wizard closely misses you. The orc wizard hits you with a dagger.
Casting: Pain
Confirm with . or Enter, or press ? or * to list all spells.
Aiming: Pain
Press: ? - help, Shift-Dir - straight line, f - orc wizard
Aim: an orc wizard, wielding a dagger and wearing a robe (moderately wounded, poisoned, unusually resistant, chance to defeat MR: 78%)
The orc wizard convulses in agony!
The orc wizard points at you and mumbles some strange words.
The puff of flame hits you! The fire burns you terribly!
* * * LOW HITPOINT WARNING * * *
The orc wizard closely misses you.
The orc wizard hits you but does no damage.
The orc wizard points at you and mumbles some strange words.
The magic dart hits you!
You die...

#..........#.# #†#
############.####'###
#. ##.......# #.####
#.......+ ##.....
#.......#
.......####+##.......#
#..).).............#
+...oo..!..........#
#...†.@............#
#####..............#
#.......########
#########


You could see 2 orc wizards.

Vanquished Creatures
  An orc wizard (D:4)
  Ijyb (D:2)
  2 adders
  2 oozes
  An adder skeleton (D:4)
  4 worms
  2 dart slugs (D:1)
  A giant gecko (D:2)
  10 orcs
  6 bats
  2 giant cockroaches
  3 hobgoblins
  6 kobolds
  A quokka (D:2)
  3 giant newts
  6 goblins
  7 rats
58 creatures vanquished.

Vanquished Creatures (collateral kills)
  A giant gecko (D:2)
  A ball python (D:1)
  A goblin (D:1)
  A hobgoblin (D:2)
  A rat (D:2)
5 creatures vanquished.

Vanquished Creatures (others)
  A giant gecko (D:4)
  A giant newt (D:4)
2 creatures vanquished.

Grand Total: 65 creatures vanquished

Notes
Turn   | Place    | Note
--------------------------------------------------------------
     0 | D:1      | eoe the Mummy Necromancer began the quest for the Orb.
     0 | D:1      | Reached XP level 1. HP: 13/13 MP: 3/3
     2 | D:1      | Learned a level 1 spell: Animate Skeleton
   174 | D:1      | Found a hazy altar of Hepliaklqana.
   174 | D:1      | Found a basalt altar of Yredelemnul.
   326 | D:1      | Reached XP level 2. HP: 15/20 MP: 1/5
   667 | D:1      | Reached skill level 1 in Fighting
  1171 | D:2      | Reached XP level 3. HP: 25/26 MP: 3/6
  1494 | D:2      | Noticed Ijyb
  1505 | D:2      | Killed Ijyb
  1613 | D:2      | Reached skill level 5 in Necromancy
  1648 | D:2      | Found a hide-covered altar of Uskayaw.
  1871 | D:2      | Reached XP level 4. HP: 29/33 MP: 2/7
  3133 | D:4      | Reached XP level 5. HP: 25/41 MP: 1/8
  3207 | D:4      | Learned a level 3 spell: Vampiric Draining
  3377 | D:4      | HP: 1/41 [orc wizard/puff of flame (15)]
  3379 | D:4      | Killed from afar by an orc wizard

Vault maps used:
D:1:      erik_arrival_cave_to_civilisation
D:2:      nicolae_overflow_crystal_walls, st_stairs_13, uniq_iyjb,
          uniq_crazy_yiuf_cottage
D:3:      first_bread
D:4:      xom_confusion_cloud, minmay_temple_entry_enclosed_plants,
          nicolae_ru_great_annihilating_truth

Skill      XL: |  1  2  3  4 |
---------------+-------------+-----
Fighting       | 1 2 3 |  3.0
Necromancy     | 5 |  5.5
Dodging        | |  1.5
Stealth        | |  1.5
Spellcasting   | |  2.0

Action                   |  1- 3 |  4- 6 || total
-------------------------+-------+-------++-------
Melee: Unarmed           |     1 |       ||     1
       Dagger            |    25 |    27 ||    52
 Cast: Pain              |    51 |    51 ||   102
       Animate Skeleton  |    14 |     8 ||    22
  Use: Scroll            |       |     2 ||     2
Armor: Robe              |    12 |     2 ||    14
Dodge: Dodged            |    44 |    16 ||    60
